Get step-by-step instructions on how to execute this build order below. Start the game timer, and the build order will tick by so you can play in parallel with StarCraft on a second screen or mobile device.

Game Time

  0:00

Last Step

  N/A

Next Step

  12  0:19  Spawning Pool  

Upcoming Step

  11  0:22  Drone  

Don't want to look back and forth between 2 screens? Try out our Overwolf App, the Spawning Tool Build Advisor to get an in-game overlay with this build!

Complete Build Order

  12  0:19  Spawning Pool  
  11  0:22  Drone  
  12  0:41  Overlord  
  12  0:42  Drone  
  13  0:43  Drone  
  14  1:03  Drone  
  15  1:05  Drone  
  16  1:34  Zergling x2  
  16  1:36  Zergling x2  
  18  1:40  Zergling x2  
  20  1:54  Zergling x2  
  20  2:03  Zergling x2  
  20  2:16  Spine Crawler  
  20  2:17  Spine Crawler  
  20  2:18  Spine Crawler  
  20  2:20  Spine Crawler  
  20  2:21  Zergling x4  
  20  2:22  Spine Crawler  
  17  2:29  Zergling x2  
  16  2:53  Zergling x2  
  16  2:54  Queen  
  19  3:20  Zergling x4  
  20  3:30  Queen  
  22  3:40  Hatchery  
  17  3:45  Zergling x6  
  19  4:00  Extractor  
  19  4:01  Zergling x2  
  17  4:26  Zergling x2  
  17  4:27  Zergling x6  
  21  4:34  Zergling x2  
  19  4:51  Drone x2  
  20  4:53  Drone  
  21  5:04  Drone, Baneling Nest  
  21  5:11  Drone  
  22  5:16  Drone  
  23  5:33  Drone x2  
  23  5:35  Drone  
  24  5:48  Baneling  
  24  5:49  Baneling x4  
    6:36  Drone  
  1  7:33  Hatchery  
    8:45  Drone  
  1  9:08  Drone x2  
  3  9:21  Drone